 Dungeon Crawl Stone Soup version 0.30.0-19-g36f170ea60 (webtiles) character file.

Game seed: 16234376655008458874

32 Irreverend the Shooter (level 3, -3/18 HPs)
             Began as a Spriggan Hunter on May 30, 2023.
             Slain by a gnoll
             ... wielding a +0 flail
              (10 damage)
             ... on level 2 of the Dungeon.
             The game lasted 00:00:47 (912 turns).

Irreverend the Shooter (Spriggan Hunter)             Turns: 912, Time: 00:00:47

Health: -3/18      AC:  2    Str:  7    XL:     3   Next: 10%
Magic:  4/4        EV: 18    Int: 10    God:
Gold:   46         SH:  0    Dex: 20    Spells: 2/2 levels left

rFire   . . .        a - +0 shortbow
rCold   . . .        (shield currently unavailable)
rNeg    . . .        c - +0 robe
rPois   .            (helmet restricted)
rElec   .            (no cloak)
rCorr   .            (gloves unavailable)
SInv    +            (boots unavailable)
Will    .....        (no amulet)
Stlth   ++           (no ring)
HPRegen 0.23/turn    (no ring)
MPRegen 0.09/turn

%: no passive effects
@: very quick
A: very small, no large weapons, unfitting armour, see invisible, speed 3
a: no special abilities


You were on level 2 of the Dungeon.
You visited 1 branch of the dungeon, and saw 2 of its levels.

You collected 46 gold pieces.

Inventory:

Hand Weapons
 a - a +0 shortbow (weapon)
Armour
 c - a +0 robe (worn)
Scrolls
 b - a scroll of immolation
 d - a scroll of torment {unknown}
Potions
 e - a potion of heal wounds {unknown}
 f - 2 potions of flight {unknown}


   Skills:
 + Level 1.9 Fighting
 * Level 4.4 Ranged Weapons
 + Level 3.2 Dodging
 + Level 2.6 Stealth


You had 2 spell levels left.
You didn't know any spells.
Your spell library was empty.

Dungeon Overview and Level Annotations

Branches:
Dungeon (2/15)

Altars:


Innate Abilities, Weirdness & Mutations

You are very small and have problems with some larger weapons.
You are too small for most types of armour.
You have supernaturally acute eyesight. (SInv)
You cover ground extremely quickly. (Speed+++)


Message History

You now have 46 gold pieces (gained 12).
A bat comes into view.
A bat is nearby!
You shoot an arrow. The arrow hits the bat.
You kill the bat!
There is an open door here.
There is an open door here.
You see here a jackal skeleton.
Done exploring.
Done exploring.
Done exploring.
(D) Dungeon
Where to? (? - help)
You see here a jackal skeleton.
There is an open door here.
There is a stone staircase leading down here.
You climb downwards.
The gnoll shouts!
You hear a shout!
The gnoll shouts!
You hear a shout!
Found a scroll labelled IDALYI BUSHREER.
There is a stone staircase leading up here.
There are monsters nearby!
You shoot an arrow. The arrow barely misses the gnoll.
A gnoll comes into view. It is wielding a +0 flail.
You shoot an arrow.
The arrow hits the gnoll but does no damage.
You shoot an arrow. The arrow barely misses the gnoll.
The arrow completely misses the gnoll.
You shoot an arrow. The arrow hits the gnoll!
The gnoll is severely wounded.
The gnoll closely misses you. The gnoll hits you with a +0 whip.
The gnoll misses you.
You shoot an arrow.
The arrow hits the gnoll but does no damage.
The gnoll is heavily wounded.
The gnoll hits you with a +0 whip. The gnoll barely misses you.
You shoot an arrow. The arrow barely misses the gnoll.
The gnoll completely misses you. The gnoll hits you with a +0 whip.
The gnoll hits you with a +0 flail!
Ouch! That really hurt!
You die...

#..# ...#
#..# ...#
#..# #..#
#gg##.#
#@g...#
#..###..#
.....
##......
#..###..#
...# ..
..?# #
...#


You could see 3 gnolls.

Vanquished Creatures
  A dart slug (D:1)
  2 ball pythons (D:1)
  2 endoplasms (D:1)
  3 hobgoblins (D:1)
  4 jackals (D:1)
  A kobold (D:1)
  A quokka (D:1)
  5 bats (D:1)
  A frilled lizard (D:1)
  5 goblins (D:1)
  2 rats (D:1)
27 creatures vanquished.

Notes
Turn   | Place    | Note
-------+----------+-------------------------------------------
     0 | D:1      | Irreverend the Spriggan Hunter began the quest for the Orb.
     0 | D:1      | Reached XP level 1. HP: 10/10 MP: 2/2
   149 | D:1      | Reached XP level 2. HP: 15/15 MP: 3/3
   571 | D:1      | Reached XP level 3. HP: 18/18 MP: 4/4
   594 | D:1      | Found a faded altar of an unknown god.
   912 | D:2      | Slain by a gnoll

Illustrated notes

Levels and vault maps discovered:
D:1:      nicolae_arrival_washed_ashore, layout_loops_corners,
          dreamdust_ecumenical_altar_hidden_monk_grotto
D:2:      layout_loops_ring, basic_altar

Skill      XL: |  1  2 |
---------------+-------+-----
Stealth        | 2 |  2.6
Dodging        | 3 |  3.2
Fighting       | |  1.9
Ranged Weapons | |  4.4

Action                     || total
---------------------------++-------
   Fire: Shortbow          ||    62
 Armour: Robe              ||     5
  Dodge: Dodged            ||    33
